 Dungeon Crawl Stone Soup version 0.32-a0-870-g877066f4b4 (webtiles) character file.

Game seed: 13472632532117629229

883 Nvm9 the Trooper (level 7, -3/56 HPs)
             Began as a Demonspawn Fighter on Mar 29, 2024.
             Was a Follower of Qazlal.
             Slain by a gnoll
             ... wielding a +0 halberd
             ... led by a gnoll bouda
              (7 damage)
             ... on level 5 of the Dungeon.
             The game lasted 00:06:26 (3223 turns).

Nvm9 the Trooper (Demonspawn Fighter)               Turns: 3223, Time: 00:06:28

Health: -3/56      AC: 13    Str: 18    XL:     7   Next: 76%
Magic:  7/7        EV:  4    Int: 15    God:    Qazlal [*.....]
Gold:   208        SH:  1    Dex: 12    Spells: 6/6 levels left

rFire   . . .        a - +0 war axe (flame)
rCold   . . .        (no shield)
rNeg    . . .        l - +1 plate armour
rPois   .            (no helmet)
rElec   .            (no cloak)
rCorr   .            (no gloves)
SInv    .            (no boots)
Will    .....        (no amulet) Stlth
                     f - +4 ring of slaying
HPRegen 0.29/turn    j - +6 ring of intelligence
MPRegen 0.20/turn

%: no passive effects
@: no status effects
A: powered by pain 1, magic regeneration, demonic touch 1
a: Renounce Religion


You were on level 5 of the Dungeon.
You worshipped Qazlal.
Qazlal was aware of your devotion.
You visited 1 branch of the dungeon, and saw 5 of its levels.

You collected 208 gold pieces.

Inventory:

Hand Weapons
 a - a +0 war axe of flaming (weapon)
 n - a +0 hand axe of venom
Missiles
 e - 7 boomerangs
 h - 5 curare-tipped darts (quivered)
 i - 11 poisoned darts
Armour
 c - a +1 buckler
 l - a +1 plate armour (worn)
Jewellery
 f - a +4 ring of slaying (left hand)
 j - a +6 ring of intelligence (right hand)
Potions
 b - a potion of enlightenment


   Skills:
 * Level 5.2 Fighting
 * Level 4.4 Axes
 + Level 2.4 Throwing
 * Level 4.8 Armour
 + Level 3.9 Shields


You had 6 spell levels left.
You didn't know any spells.
Your spell library contained the following spells:

 Spells                   Type           Power      Damage    Failure   Level
 Ensorcelled Hibernation  Hex/Ice        0%         N/A       100%        2
 Passwall                 Erth           0%         N/A       100%        3
 Swiftness                Air            0%         N/A       100%        3


Dungeon Overview and Level Annotations

Branches:
Dungeon (5/15)
 Temple: D:4-7

Altars:
Ashenzari
Cheibriados
Makhleb
Qazlal
Trog
Wu Jian


Innate Abilities, Weirdness & Mutations

You sometimes gain a little power by taking damage.
You regenerate magic rapidly.
Your touch may inflict minor irresistible damage on your foes.


Message History

The gnoll bouda hits you but does no damage.
The black bear bites you but does no damage.
The black bear claws you.
* * * LOW HITPOINT WARNING * * *
The black bear claws you but does no damage.
An orc comes into view. It is wielding a +0 flail.
The gnoll barely misses you.
You slash the black bear! You burn the black bear.
You kill the black bear!
Qazlal accepts your kill.
You hit the gnoll bouda. You burn the gnoll bouda.
The gnoll bouda mumbles some strange prayers to its god.
The gnoll bouda is healed somewhat.
The gnoll hits you but does no damage.
You hit the shadow imp. You burn the shadow imp.
The shadow imp is moderately wounded.
You closely miss the gnoll bouda.
The gnoll is no longer moving quickly.
The gnoll bouda hits you but does no damage.
The shadow imp hits you but does no damage.
The gnoll hits you from afar with a +0 halberd.
* * * LOW HITPOINT WARNING * * *
The gnoll bouda completely misses you.
The shadow imp hits you but does no damage.
Okay, then.
You hit the shadow imp but do no damage.
You touch the shadow imp!
You kill the shadow imp!
Qazlal accepts your kill.
You hit the gnoll bouda but do no damage.
The gnoll barely misses you.
The gnoll bouda hits you but does no damage.
The gnoll barely misses you.
Unknown command.
You slash the orc! You burn the orc.
You kill the orc!
Qazlal accepts your kill.
You are now surrounded by a storm.
You hit the gnoll bouda but do no damage.
The gnoll bouda hits you with a +0 club.
* * * LOW HITPOINT WARNING * * *
The gnoll hits you from afar with a +0 halberd!
You die...

### ... #.# #.#
# #.####g#
#..)@gO#
#.####.#
..######.####.#
..............#
########....###
#....+ ###....#
+..%#### ###.#


You could see an ogre, a gnoll bouda and a gnoll.

Vanquished Creatures
  2 black bears
  A centaur (D:5)
  An ogre (D:4)
  A phantom (D:4)
  A scorpion (D:5)
  2 bombardier beetles
  An iguana (D:4)
  Natasha (thrice) (D:3)
  8 gnolls
  4 adders
  A shadow imp (D:5)
  2 ufetubi (D:5)
  4 dart slugs
  A ribbon worm (D:3)
  10 orcs
  5 endoplasms
  2 giant cockroaches (D:3)
  8 goblins
  9 hobgoblins
  8 jackals (D:2)
  3 quokkas
  8 ball pythons
  7 bats
  3 frilled lizards
  15 kobolds
  10 rats
120 creatures vanquished.

Notes
Turn   | Place    | Note
-------+----------+-------------------------------------------
     0 | D:1      | Nvm9 the Demonspawn Fighter began the quest for the Orb.
     0 | D:1      | Reached XP level 1. HP: 18/18 MP: 1/1
   135 | D:1      | Gained mutation: Your touch may inflict minor irresistible
                  | damage on your foes. [demonic ancestry]
   135 | D:1      | Reached XP level 2. HP: 21/24 MP: 2/2
   456 | D:1      | Reached XP level 3. HP: 27/29 MP: 3/3
   969 | D:2      | Found an ornate altar of the Wu Jian Council.
  1071 | D:2      | Gained mutation: You regenerate magic rapidly. [demonic
                  | ancestry]
  1071 | D:2      | Reached XP level 4. HP: 34/35 MP: 4/4
  1782 | D:3      | Noticed Natasha
  1786 | D:3      | Killed Natasha
  1787 | D:3      | Reached skill level 1 in Throwing
  1787 | D:3      | Reached XP level 5. HP: 42/42 MP: 5/5
  1882 | D:3      | Noticed Natasha
  1888 | D:3      | Killed Natasha
  1963 | D:3      | Found a broken altar of Ashenzari.
  1967 | D:3      | Saw a vision of the Shoals and the Spider Nest.
  1967 | D:3      | Noticed an entropy weaver
  1967 | D:3      | Noticed a torpor snail
  1967 | D:3      | Noticed a redback
  1967 | D:3      | Noticed a pharaoh ant
  1967 | D:3      | Noticed a culicivora
  1967 | D:3      | Noticed a culicivora
  1967 | D:3      | Noticed a jumping spider
  1967 | D:3      | Noticed a steelbarb worm
  1967 | D:3      | Noticed a tarantella
  1967 | D:3      | Noticed a jorogumo
  1967 | D:3      | Noticed a jumping spider
  1967 | D:3      | Noticed a jumping spider
  1967 | D:3      | Noticed a meliai
  1967 | D:3      | Noticed a snapping turtle
  1967 | D:3      | Noticed a water nymph
  1967 | D:3      | Noticed a snapping turtle
  1967 | D:3      | Noticed a harpy
  1967 | D:3      | Noticed a merfolk
  1967 | D:3      | Noticed a merfolk aquamancer
  1967 | D:3      | Noticed a manticore
  1967 | D:3      | Noticed a merfolk
  1967 | D:3      | Noticed a sea snake
  1967 | D:3      | Noticed a merfolk siren
  1967 | D:3      | Noticed a skyshark
  1968 | D:3      | Noticed a demonic crawler
  1968 | D:3      | Noticed a jumping spider
  1968 | D:3      | Noticed a merfolk
  1968 | D:3      | Noticed a wind drake
  1969 | D:3      | Noticed a pharaoh ant
  1970 | D:3      | Noticed a jumping spider
  2112 | D:3      | Noticed Natasha
  2118 | D:3      | Killed Natasha
  2119 | D:3      | Reached skill level 4 in Fighting
  2414 | D:4      | Noticed a black bear
  2421 | D:4      | Killed a black bear
  2422 | D:4      | Reached XP level 6. HP: 45/48 MP: 6/6
  2666 | D:4      | Found a stormy altar of Qazlal.
  2666 | D:4      | Found a snail-covered altar of Cheibriados.
  2673 | D:4      | Found a burning altar of Makhleb.
  2679 | D:4      | Found a bloodstained altar of Trog.
  2702 | D:4      | Became a worshipper of Qazlal Stormbringer
  2755 | D:4      | Gained mutation: You sometimes gain a little power by
                  | taking damage. [demonic ancestry]
  2755 | D:4      | Reached XP level 7. HP: 55/55 MP: 7/7
  3181 | D:5      | Entered Level 5 of the Dungeon
  3212 | D:5      | Reached skill level 5 in Fighting
  3217 | D:5      | HP: 2/56 [gnoll bouda/+0 club (10)]
  3223 | D:5      | Reached * piety under Qazlal
  3223 | D:5      | Slain by a gnoll

Illustrated notes

Levels and vault maps discovered:
D:1:      minmay_arrival_checkered_box, layout_basic
D:2:      layout_basic, basic_altar, minivault_19, minmay_cut_off
D:3:      layout_basic, grunt_ashenzari_visionary
          [grunt_ashenzari_visionary_shoals, grunt_ashenzari_visionary_spider],
          lexackson_kobold_supper, uniq_natasha
D:4:      layout_basic, chequers_temple_overflow_minitemple
D:5:      layout_basic, mainiacjoe_overflow_alcove_2

Skill      XL: |  1  2  3  4  5  6  7 |
---------------+----------------------+-----
Axes           | 2 3 4 |  4.4
Armour         | 3 4 |  4.8
Shields        | 3 |  3.9
Throwing       | 1 2 |  2.4
Fighting       | 4 5 |  5.2

Action                     |  1- 3 |  4- 6 |  7- 9 || total
---------------------------+-------+-------+-------++-------
  Melee: War axe           |    93 |    87 |    34 ||   214
         Touch             |       |    11 |     7 ||    18
    Use: Scroll            |     3 |     4 |     5 ||    12
         Potion            |     1 |     5 |     3 ||     9
   Stab: Invisible         |     1 |       |       ||     1
 Armour: Scale mail        |    83 |    12 |       ||    95
         Plate armour      |       |    65 |    87 ||   152
  Dodge: Dodged            |    49 |    22 |    25 ||    96
  Block: Buckler           |    28 |       |       ||    28

Table legend: (Time is in decaauts)
 A = Elapsed time spent in this place.
 B = Non-inter-level travel time spent in this place.
 C = Inter-level travel time spent in this place.
 D = Time resting spent in this place.
 E = Time spent auto-exploring this place.
 F = Levels seen in this place.
 G = Mean time per level.
                   A        B        C        D        E       F      G
               +--------+--------+--------+--------+--------+-----+--------+
         Total |   3315 |   3265 |     50 |    323 |   2237 |   5 |  663.0 |
       Dungeon |   3315 |   3265 |     50 |    323 |   2237 |   5 |  663.0 |
               +--------+--------+--------+--------+--------+-----+--------+

Top non-repeatable levels by time:
     D:2: 913 daAuts
     D:3: 863 daAuts
     D:4: 792 daAuts
     D:1: 699 daAuts
     D:5: 47 daAuts
